 Dungeon Crawl Stone Soup version 0.27-a0-1595-g0b823d0a13 (webtiles) character file.

Game seed: 9676028233925946457

109 bande the Covered (level 4, 0/29 HPs)
             Began as a Gargoyle Fighter on July 21, 2021.
             Slain by an orc wizard (3 damage)
             ... on level 2 of the Dungeon.
             The game lasted 00:02:17 (1030 turns).

bande the Covered (Gargoyle Fighter)                Turns: 1030, Time: 00:02:18

Health: 0/29       AC: 14    Str: 20    XL:     4   Next: 89%
Magic:  4/4        EV:  5    Int:  8    God:
Gold:   66         SH:  9    Dex: 10    Spells: 3/3 levels left

rFire    . . .     SeeInvis .   a - +1 war axe (drain)
rCold    . . .     Faith    .   c - +0 kite shield
rNeg     + . .     Spirit   .   e - +0 chain mail
rPois    ∞         Reflect  .   o - +0 helmet
rElec    +         Harm     .   (no cloak)
rCorr    .         Rampage  .   (no gloves)
Will     .....                  (no boots)
Stlth    ..........             (no amulet)
HPRegen  0.09/turn              (no ring)
MPRegen  0.09/turn              (no ring)

@: mighty
A: sickness immunity, AC +3, negative energy resistance 1, electricity
resistance, torment resistance 1, petrification resistance
a: no special abilities


You were on level 2 of the Dungeon.
You visited 1 branch of the dungeon, and saw 2 of its levels.

You collected 66 gold pieces.

Inventory:

Hand Weapons
 a - a +1 war axe of draining (weapon)
Armour
 c - a +0 kite shield (worn)
 e - a +0 chain mail (worn)
 o - a +0 helmet (worn)
Scrolls
 b - a scroll of fog {unknown}
Potions
 g - a potion of flight
 h - a potion of brilliance


   Skills:
 + Level 3.9 Fighting
 + Level 3.0 Axes
 + Level 3.9 Armour
 + Level 0.9 Dodging
 + Level 3.8 Shields


You had 3 spell levels left.
You didn't know any spells.
Your spell library was empty.

Dungeon Overview and Level Annotations

Branches:
Dungeon (2/15)

Altars:


Innate Abilities, Weirdness & Mutations

You are immune to sickness and miasma.
Your stone body is resilient. (AC +3)
You are immune to poison.
You resist negative energy. (rN+)
You are resistant to electric shocks. (rElec)
You are resistant to unholy torment.
You are immune to petrification.


Message History

Something hits you but does no damage.
Deactivating autopickup; reactivate with Ctrl-A.
The rat bites you but does no damage. The orc wizard casts a spell at you.
The magic dart hits you but does no damage.
Unknown command.
You slash the orc wizard!
You kill the orc wizard!
Your shield and chain mail prevent you from hitting something.
You closely miss the rat. Something hits you but does no damage.
The rat bites you but does no damage. Something hits you but does no damage.
The rat bites you but does no damage.
You bump into the rock wall.
Something hits you but does no damage. The rat barely misses you.
Unknown command.
You hear some strange, mumbled words.
You are more confused.
Things that are here:
a +0 dagger; a +0 robe; an orc corpse You bump into the rock wall.
The rat bites you but does no damage.
Unknown command.
You bump into the rock wall.
The rat bites you but does no damage.
You miss the rat. The rat bites you but does no damage.
The rat barely misses you.
You bump into the rock wall.
The rat bites you but does no damage.
You're too confused to move!
The rat bites you but does no damage.
You bump into the rock wall.
The rat barely misses you.
You bump into the rock wall.
The rat bites you but does no damage.
You slice the rat!!
You kill the rat!
You feel less confused.
You hear some strange, mumbled words.
A puff of flame appears from out of thin air!
The puff of flame hits you.
* * * LOW HITPOINT WARNING * * *
Your Axes skill increases to level 3!
You barely miss something. Something hits you but does no damage.
You block something's attack.
You closely miss something. Something hits you.
You die...

#..... #.....#
.#..... #..#..#
......!## #.....#
#......# #.....#
#.?...†##########.###
#...)......####.#
####.#####......#
#.####{# ############
#.....@# #..>...
######## #.#####
#...... #.##...
#.##.## #.#..##
#...... #.#.###
#......


There were no monsters in sight!

Vanquished Creatures
  2 orc wizards (D:2)
  2 adders (D:2)
  2 dart slugs (D:1)
  2 orcs (D:2)
  2 endoplasms (D:1)
  3 giant cockroaches
  2 goblins (D:1)
  4 hobgoblins
  A quokka (D:1)
  4 ball pythons
  2 bats
  A frilled lizard (D:2)
  4 kobolds (D:1)
  5 rats
36 creatures vanquished.

Notes
Turn   | Place    | Note
-------+----------+-------------------------------------------
     0 | D:1      | bande the Gargoyle Fighter began the quest for the Orb.
     0 | D:1      | Reached XP level 1. HP: 14/14 MP: 1/1
   154 | D:1      | Found a faded altar of an unknown god.
   156 | D:1      | Reached XP level 2. HP: 19/19 MP: 2/2
   745 | D:1      | Reached XP level 3. HP: 20/23 MP: 3/3
  1004 | D:2      | Reached XP level 4. HP: 29/29 MP: 4/4
  1030 | D:2      | Slain by an orc wizard

Illustrated notes

Levels and vault maps discovered:
D:1:      lemuel_arrival_rhombus, layout_rooms,
          hellmonk_ecumenical_altar_blasted, chequers_avenue
D:2:      layout_loops_cross, basic_altar, minivault_24

Skill      XL: |  1  2  3  4 |
---------------+-------------+-----
Axes           | 2 3 |  3.0
Fighting       | |  3.9
Armour         | |  3.9
Dodging        | |  0.9
Shields        | |  3.8

Action                   |  1- 3 |  4- 6 || total
-------------------------+-------+-------++-------
Melee: War axe           |    73 |    16 ||    89
  Use: Scroll            |     5 |       ||     5
       Potion            |     4 |     1 ||     5
Armor: Scale mail        |    16 |       ||    16
       Chain mail        |    28 |    33 ||    61
Dodge: Dodged            |    16 |     8 ||    24
Block: Kite shield       |    42 |     4 ||    46

Table legend: (Time is in decaauts)
 A = Elapsed time spent in this place.
 B = Non-inter-level travel time spent in this place.
 C = Inter-level travel time spent in this place.
 D = Time resting spent in this place.
 E = Time spent auto-exploring this place.
 F = Levels seen in this place.
 G = Mean time per level.
                   A        B        C        D        E       F      G
               +--------+--------+--------+--------+--------+-----+--------+
         Total |   1068 |   1033 |     35 |     41 |    658 |   2 |  534.0 |
       Dungeon |   1068 |   1033 |     35 |     41 |    658 |   2 |  534.0 |
               +--------+--------+--------+--------+--------+-----+--------+

Top non-repeatable levels by time:
     D:1: 790 daAuts
     D:2: 278 daAuts
